 Dungeon Crawl Stone Soup version 0.23.2-1-ga50397a (webtiles) character file.

Game seed: 2347266343997010516

51758 goulibeur the Fighter (level 14, -9/129 HPs)
             Began as a Yellow Draconian Berserker on May 25, 2019.
             Was a High Priest of Trog.
             Mangled by an eight-headed hydra (13 damage)
             ... on level 6 of the Lair of Beasts on May 26, 2019.
             The game lasted 01:31:12 (24931 turns).

goulibeur the Fighter (Yellow Draconian Berserker) Turns: 24931, Time: 01:31:12

Health: -9/129     AC: 12    Str: 24    XL:     14   Next: 24%
Magic:  14/14      EV: 21    Int:  9    God:    Trog [*****.]
Gold:   616        SH:  8    Dex: 19    Spells: 13/13 levels left

rFire    . . .     SeeInvis .   H - +4 morningstar (protect)
rCold    . . .     Gourm    .   C - +1 buckler {rPois}
rNeg     . . .     Faith    .   (armour unavailable)
rPois    +         Spirit   .   h - +1 hat {MR+}
rElec    .         Reflect  .   S - +0 cloak of Meupp {Dex+4}
rCorr    +         Harm     .   q - +0 pair of gloves
MR       ++...                  (no boots)
Stlth    ++........             (no amulet)
HPRegen  0.31/turn              c - +1 ring of protection
MPRegen  0.14/turn              o - +5 ring of strength

@: short of breath, berserk cooldown, slowed, very slow
A: spit acid, unfitting armour, acidic bite, cold-blooded, acid resistance, AC
+8
a: Breathe Acid, Berserk, Trog's Hand, Brothers in Arms, Renounce Religion


You were on level 6 of the Lair of Beasts.
You worshipped Trog.
Trog was extremely pleased with you.
You were not hungry.

You visited 2 branches of the dungeon, and saw 17 of its levels.
You also visited: Gauntlet and Ice Cave.

You collected 1036 gold pieces.
You spent 420 gold pieces at shops.

Inventory:

Hand Weapons
 l - a +2 flail of venom
 H - a +4 morningstar of protection (weapon)
Missiles
 a - 10 steel javelins
 y - 10 tomahawks
 T - 5 javelins of penetration
 X - 3 javelins of returning (quivered)
Armour
 h - a +1 hat of magic resistance (worn)
 q - a +0 pair of gloves (worn)
 C - a +1 buckler of poison resistance (worn)
 N - a +2 buckler
 S - the +0 cloak of Meupp (worn) {Dex+4}
   (You found it on level 8 of the Dungeon)

   It affects your dexterity (+4).
Jewellery
 c - a +1 ring of protection (left hand)
 e - an uncursed amulet of rage
 o - a +5 ring of strength (right hand)
 w - an uncursed ring of ice
 x - an uncursed ring of fire {unknown}
 G - an uncursed amulet of harm
 J - a +4 ring of strength
 R - an uncursed ring of positive energy {unknown}
Wands
 k - a wand of digging (6)
 n - a wand of polymorph (32)
 D - a wand of disintegration (12)
 I - a wand of iceblast (11)
 K - a wand of acid (2)
 U - a wand of random effects (14)
Scrolls
 f - 2 scrolls of remove curse
 j - 7 scrolls of teleportation
 r - 5 scrolls of fear
 F - 3 scrolls of magic mapping
 L - 2 scrolls of enchant weapon
 M - a scroll of fog
 O - 7 scrolls of enchant armour
 P - a scroll of blinking
 V - 2 scrolls of noise
Potions
 d - 5 potions of curing
 g - 7 potions of brilliance
 i - 2 potions of haste {unknown}
 m - a potion of invisibility {unknown}
 p - 2 potions of flight {unknown}
 s - 2 potions of magic {unknown}
 t - 2 potions of heal wounds {unknown}
 u - a potion of mutation {unknown}
 v - 2 potions of agility
 z - 2 potions of berserk rage {unknown}
 A - a potion of ambrosia {unknown}
 B - 2 potions of lignification {unknown}
 E - a potion of resistance {unknown}
 Q - 2 potions of cancellation {unknown}
Comestibles
 b - 35 rations
 W - 2 chunks of flesh


   Skills:
 * Level 13.3 Fighting
 * Level 12.3 Maces & Flails
 + Level 10.1 Throwing
 + Level 10.5 Dodging
 + Level 10.4 Shields


You had 13 spell levels left.
You didn't know any spells.
Your spell library was empty.

Dungeon Overview and Level Annotations

Branches:
Dungeon (11/15)            Temple (0/1) D:6            Lair (6/6) D:9
  Swamp (0/4) Lair:3        Snake (0/4) Lair:3          Orc (0/2) D:9
  Slime: Lair:5-6

Altars:
Cheibriados
Elyvilon
Makhleb
Nemelex Xobeh
Qazlal
Ru
Sif Muna
Vehumet
Zin

Shops:
D:4 (:[   D:6 ?   D:10 [

Annotations:
D:8 Maurice
D:11 Urug
Lair:2 exclusion: 2 oklob plants
Lair:6 exclusion: 4 oklob plants


Innate Abilities, Weirdness & Mutations

You can spit globs of acid.
Your golden yellow scales are hard. (AC +8)
You cannot fit into any form of body armour.
You have acidic saliva.
You are cold-blooded and may be slowed by cold attacks.
You are resistant to acid. (rCorr)


Message History

The polar bear is splashed with acid.
The acid corrodes the polar bear!
The acid splashes onto the eight-headed hydra!
The eight-headed hydra is splashed with acid.
The acid corrodes the eight-headed hydra!
The acid splashes onto the blink frog!
The blink frog is splashed with acid!
The acid corrodes the blink frog!
You feel somewhat more hungry. The blink frog hits you.
* * * LOW HITPOINT WARNING * * *
The blink frog blinks!
You block the polar bear's attack. x2
The polar bear closely misses you.
The eight-headed hydra barely misses you.
The eight-headed hydra bites you.
* * * LOW HITPOINT WARNING * * *
You block the eight-headed hydra's attack.
The eight-headed hydra misses you.
The eight-headed hydra bites you but does no damage.
The eight-headed hydra bites you!
* * * LOW HITPOINT WARNING * * *
The eight-headed hydra bites you!
You die...

##≈≈≈..P...###P....##
#≈≈≈≈......#....#..#
#≈P..≈......#.....##
##........P##.....##
#.........##P...#.. ..
#.........##.....## ...P
####......P#P......
..≈..####D.................
.........h@†...............
.........§.................
...........................
............F..............
.....#.#P.#................
.....###...##.....P##.P
.... ##.P##......# # ....
.............#
...).......##..


You could see an eight-headed hydra, a polar bear and a blink frog.

Vanquished Creatures
  Gastronok (D:11)
  A fire dragon (Lair:4)
  Fannar (D:11)
  2 hydras
  Erica (D:8)
  A two-headed ogre (D:10)
  3 death yaks
  Nergalle (D:11)
  2 lindwurms (Lair:4)
  An ugly thing (D:11)
  3 elephants (Lair:4)
  2 black mambas
  A centaur zombie (D:11)
  2 torpor snails
  21 spiny frogs
  3 centaur skeletons
  8 rime drakes
  4 komodo dragons
  Grinder (D:4)
  Prince Ribbit (D:8)
  A polar bear (Lair:6)
  31 blink frogs
  3 tyrant leeches (Lair:6)
  6 dream sheep (Lair:5)
  4 hippogriffs
  Sigmund (D:2)
  2 wyverns
  25 yaks
  Eustachio (D:5)
  2 hungry ghosts
  A basilisk (Lair:2)
  10 steam dragons (Lair:4)
  8 vampire mosquitoes
  7 insubstantial wisps (Lair:3)
  Menkaure (D:6)
  A soldier ant (D:10)
  Edmund (D:5)
  3 nagas (Lair:3)
  7 water moccasins
  11 porcupines
  4 orc warriors
  A swamp drake (D:9)
  A hornet zombie (D:8)
  15 ice beasts
  4 black bears
  2 phantoms
  3 sky beasts
  A necrophage (D:7)
  2 ogres
  14 wolves
  7 centaurs
  15 crocodiles
  20 bullfrogs
  A gnoll sergeant (D:7)
  2 scorpions (D:7)
  A water moccasin zombie (D:8)
  A water moccasin skeleton (D:5)
  38 killer bees
  3 howler monkeys
  An electric eel (D:7)
  A bullfrog zombie (D:9)
  A lava snake (D:8)
  A crimson imp (D:5)
  A quasit (D:7)
  2 hounds
  4 jellies
  A bullfrog skeleton (D:6)
  Crazy Yiuf (D:7)
  11 orc priests
  13 orc wizards
  Ijyb (D:5)
  3 hell rats (D:9)
  An iguana (D:5)
  8 worker ants
  A statue (D:7)
  A hound zombie (D:5)
  2 worker ant zombies
  3 gnolls (D:7)
  13 adders
  4 shadow imps
  4 worms
  3 dart slugs
  5 leopard geckos
  43 orcs
  5 bats
  6 giant cockroaches
  7 goblins
  4 hobgoblins
  4 jackals (D:10)
  9 quokkas
  3 ball pythons
  4 frilled lizards
  12 kobolds
  7 rats
  A plant (Lair:6)
512 creatures vanquished.

Vanquished Creatures (collateral kills)
  A hydra (Lair:3)
1 creature vanquished.

Vanquished Creatures (others)
  A butterfly (Lair:4)
  16 fungi
  53 plants
70 creatures vanquished.

Grand Total: 583 creatures vanquished

Notes
Turn   | Place    | Note
-------+----------+-------------------------------------------
     0 | D:1      | goulibeur the Draconian Berserker began the quest for the
                  | Orb.
     0 | D:1      | Reached XP level 1. HP: 19/19 MP: 1/1
   309 | D:1      | Reached XP level 2. HP: 24/26 MP: 2/2
   613 | D:1      | Reached skill level 1 in Throwing
   969 | D:2      | Noticed Sigmund
  1070 | D:2      | Reached XP level 3. HP: 20/33 MP: 3/3
  1220 | D:2      | Killed Sigmund
  1220 | D:2      | Reached skill level 4 in Fighting
  1220 | D:2      | Reached XP level 4. HP: 38/41 MP: 4/4
  1220 | D:2      | Reached XP level 5. HP: 44/47 MP: 5/5
  1412 | D:2      | Reached ** piety under Trog
  2167 | D:3      | Found a white marble altar of Elyvilon.
  2436 | D:3      | Reached XP level 6. HP: 53/53 MP: 6/6
  2538 | D:3      | Found a sacrificial altar of Ru.
  2615 | D:3      | Found a stormy altar of Qazlal.
  2751 | D:4      | Noticed Grinder
  2904 | D:4      | Paralysed by Grinder for 6 turns
  2913 | D:4      | Killed Grinder
  2913 | D:4      | Reached skill level 5 in Fighting
  2913 | D:4      | Your scales start taking on a golden yellow colour.
  2913 | D:4      | Reached XP level 7. HP: 61/61 MP: 7/7
  2913 | D:4      | Gained mutation: You are resistant to acid. (rCorr) [Yellow
                  | Draconian growth]
  3007 | D:4      | Found Tagat's Weapon Emporium.
  3167 | D:4      | Reached *** piety under Trog
  3341 | D:4      | Found Kuuv's Book Emporium.
  3466 | D:4      | Found Ynaur's Antique Armour Shop.
  3474 | D:4      | Bought a glowing buckler for 210 gold pieces
  3772 | D:5      | Entered Level 5 of the Dungeon
  4315 | D:5      | Found a glowing silver altar of Zin.
  4365 | D:5      | Reached skill level 5 in Maces & Flails
  4365 | D:5      | Reached skill level 1 in Shields
  4737 | D:5      | Noticed Edmund
  4747 | D:5      | Killed Edmund
  4747 | D:5      | Reached XP level 8. HP: 70/70 MP: 8/8
  4902 | D:5      | Noticed Ijyb
  4911 | D:5      | Killed Ijyb
  4911 | D:5      | Reached skill level 6 in Fighting
  4917 | D:5      | Reached skill level 5 in Dodging
  5171 | D:5      | Noticed Eustachio
  5177 | D:5      | Killed Eustachio
  5276 | D:5      | Found a snail-covered altar of Cheibriados.
  5559 | D:6      | Found Raiqu's Magic Scroll Emporium.
  5725 | D:6      | Noticed Menkaure
  5734 | D:6      | Killed Menkaure
  5966 | D:6      | Found a staircase to the Ecumenical Temple.
  5979 | D:6      | Reached XP level 9. HP: 75/78 MP: 9/9
  6107 | D:6      | Found a deep blue altar of Sif Muna.
  6326 | D:7      | Reached skill level 7 in Fighting
  6326 | D:7      | Reached skill level 5 in Throwing
  6453 | D:7      | Reached **** piety under Trog
  7429 | D:7      | Found a radiant altar of Vehumet.
  7556 | D:7      | Found a runed translucent door.
  7557 | D:7      | Noticed Crazy Yiuf
  7790 | D:7      | Killed Crazy Yiuf
  7955 | D:8      | Noticed Prince Ribbit
  7985 | D:8      | Killed Prince Ribbit
  7985 | D:8      | Reached skill level 5 in Shields
  8080 | D:8      | Noticed an orc knight
  8084 | D:8      | Reached skill level 8 in Fighting
  8085 | D:8      | Noticed Maurice
  8187 | D:8      | Noticed Erica
  8213 | D:8      | Killed Erica
  8213 | D:8      | Reached XP level 10. HP: 22/87 MP: 10/10
  8691 | D:8      | Found a burning altar of Makhleb.
  8759 | D:8      | Found a sparkling altar of Nemelex Xobeh.
  8932 | D:8      | Paralysed by an orc knight for 6 turns
  9345 | D:8      | Got a brightly glowing cloak
  9356 | D:8      | Identified the +0 cloak of Meupp {Dex+4} (You found it on
                  | level 8 of the Dungeon)
  9646 | D:9      | Received a gift from Trog
  9804 | D:9      | Reached ***** piety under Trog
  9806 | D:9      | Found a staircase to the Orcish Mines.
 10132 | D:9      | Received a gift from Trog
 10311 | D:9      | Noticed a death yak
 10320 | D:9      | Noticed a death yak
 10323 | D:9      | Noticed a death yak
 10332 | D:9      | Killed a death yak
 10332 | D:9      | Reached skill level 9 in Fighting
 10341 | D:9      | Killed a death yak
 10373 | D:8      | HP: 4/90 [death yak (20)]
 10377 | D:8      | Killed a death yak
 10377 | D:8      | Reached XP level 11. HP: 5/96 MP: 11/11
 10782 | D:9      | Found a staircase to the Lair.
 11053 | D:10     | Entered Level 10 of the Dungeon
 11053 | D:10     | Found Isoepp's Antique Armour Emporium.
 11230 | D:4      | Bought a pair of glowing gloves for 210 gold pieces
 11578 | D:10     | Noticed a two-headed ogre
 11595 | D:10     | Killed a two-headed ogre
 11688 | D:10     | Received a gift from Trog
 12741 | D:11     | Noticed Nergalle
 12911 | D:11     | Noticed a green ugly thing
 13162 | D:11     | Killed a green ugly thing
 13208 | D:11     | Killed Nergalle
 13208 | D:11     | Reached skill level 10 in Fighting
 13360 | D:11     | Noticed Gastronok
 13375 | D:11     | Killed Gastronok
 13551 | D:11     | Noticed Fannar
 13565 | D:11     | Killed Fannar
 13610 | D:11     | Noticed Urug
 13770 | Lair:1   | Entered Level 1 of the Lair of Beasts
 13770 | Lair:1   | Found a gate leading to a gauntlet.
 13786 | Gauntlet | Entered a Gauntlet
 13786 | Gauntlet | Found a transporter.
 13786 | Gauntlet | Found a transporter.
 13786 | Gauntlet | Noticed a great orb of eyes
 13786 | Gauntlet | Noticed a white ugly thing
 13786 | Gauntlet | Noticed a brown ugly thing
 13795 | Gauntlet | Found a transporter.
 13795 | Gauntlet | Found a transporter.
 13796 | Gauntlet | Noticed a tengu warrior
 13798 | Gauntlet | Found a transporter.
 13800 | Gauntlet | Found a large runed translucent door.
 13801 | Gauntlet | Found a large runed translucent door.
 13802 | Gauntlet | Found a large runed translucent door.
 13802 | Gauntlet | Found a large runed translucent door.
 13802 | Gauntlet | Found a runed translucent door.
 13803 | Gauntlet | Found a large runed translucent door.
 13804 | Gauntlet | Found a large runed translucent door.
 13805 | Gauntlet | Found a large runed translucent door.
 13805 | Gauntlet | Found a large runed translucent door.
 13806 | Gauntlet | Found a runed translucent gate.
 13806 | Gauntlet | Found a runed translucent gate.
 13806 | Gauntlet | Noticed a death yak
 13807 | Gauntlet | Noticed a death yak
 13807 | Gauntlet | Noticed a wizard
 13808 | Gauntlet | Found a transporter.
 13808 | Gauntlet | Noticed a death yak
 13810 | Gauntlet | Noticed a death yak
 13812 | Gauntlet | Found a transporter.
 13875 | Gauntlet | Found a transporter.
 13887 | Gauntlet | Noticed a catoblepas
 13888 | Gauntlet | Found a transporter.
 13900 | Gauntlet | Found a transporter.
 13910 | Gauntlet | Found a transporter.
 13925 | Gauntlet | Found a transporter.
 13927 | Gauntlet | Found a large runed translucent door.
 13928 | Gauntlet | Found a large runed translucent door.
 13929 | Gauntlet | Found a large runed translucent door.
 13929 | Gauntlet | Found a large runed translucent door.
 13930 | Gauntlet | Found a runed translucent gate.
 14069 | Lair:1   | Reached XP level 12. HP: 90/106 MP: 12/12
 14175 | Lair:1   | Received a gift from Trog
 16287 | Lair:1   | Reached skill level 10 in Maces & Flails
 16394 | Lair:1   | Received a gift from Trog
 16604 | Lair:2   | Noticed an eight-headed hydra
 16628 | Lair:2   | Reached skill level 11 in Fighting
 16927 | Lair:2   | Received a gift from Trog
 17024 | Lair:2   | Killed an eight-headed hydra
 18076 | Lair:3   | Identified a scroll of acquirement
 18092 | Lair:3   | Noticed a six-headed hydra
 18100 | Lair:3   | Killed a six-headed hydra
 18391 | Lair:3   | Reached XP level 13. HP: 96/115 MP: 13/13
 18623 | Lair:3   | Found a staircase to the Swamp.
 18985 | Lair:3   | Found a staircase to the Snake Pit.
 19443 | Lair:4   | Received a gift from Trog
 19500 | Lair:4   | Reached skill level 12 in Fighting
 19573 | Lair:4   | Received a gift from Trog
 19945 | Lair:4   | Reached skill level 10 in Dodging
 20092 | Lair:4   | Noticed a fire dragon
 20101 | Lair:4   | Killed a fire dragon
 20954 | Lair:5   | Found a frozen archway.
 21053 | IceCv    | Entered an ice cave
 21074 | Lair:5   | Received a gift from Trog
 22170 | Lair:6   | Entered Level 6 of the Lair of Beasts
 22195 | Lair:5   | Reached skill level 10 in Shields
 23240 | Lair:6   | Reached skill level 10 in Throwing
 23351 | Lair:6   | Reached skill level 13 in Fighting
 23358 | Lair:6   | Gained mutation: You have acidic saliva. [Yellow Draconian
                  | growth]
 23358 | Lair:6   | Reached XP level 14. HP: 109/128 MP: 14/14
 23861 | Lair:6   | Received a gift from Trog
 24297 | Lair:5   | HP: 8/192 [black mamba (9)]
 24304 | Lair:5   | HP: 5/128 [poisoned by a black mamba]
 24852 | Lair:6   | Received a gift from Trog
 24931 | Lair:6   | HP: 4/129 [eight-headed hydra (11)]
 24931 | Lair:6   | Mangled by an eight-headed hydra

Skill      XL: |  1  2  3  4  5  6  7  8  9 10 11 12 13 |
---------------+----------------------------------------+-----
Throwing       | 1 2 3 4 6 7 8 9 10 | 10.1
Dodging        | 3 4 5 6 7 8 9 10 | 10.5
Fighting       | 4 5 6 8 9 10 11 13 | 13.3
Maces & Flails | 4 5 6 7 8 9 10 12 | 12.3
Shields        | 2 3 5 6 8 9 10 | 10.4

Action                   |  1- 3 |  4- 6 |  7- 9 | 10-12 | 13-15 || total
-------------------------+-------+-------+-------+-------+-------++-------
Melee: Mace              |    72 |   102 |    31 |       |       ||   205
       Tailslap          |     8 |    11 |    54 |   181 |   117 ||   371
       Flail             |       |       |   362 |   730 |       ||  1092
       Morningstar       |       |       |       |   172 |   581 ||   753
       Bite              |       |       |       |       |    16 ||    16
Throw: Tomahawk          |       |     6 |    17 |    15 |       ||    38
       Javelin           |       |       |       |     8 |    56 ||    64
Invok: Berserk           |     1 |     3 |     6 |    13 |     7 ||    30
 Abil: Breathe Acid      |       |       |       |       |    13 ||    13
  Use: Scroll            |       |       |    10 |    11 |     2 ||    23
       Potion            |       |       |       |     1 |     2 ||     3
 Stab: Sleeping          |       |     1 |       |     4 |       ||     5
       Distracted        |       |       |       |     2 |     3 ||     5
  Eat: Chunk             |     1 |     8 |    16 |    31 |    21 ||    77
       Ration            |       |       |     3 |     5 |     3 ||    11
Armor: Skin              |    21 |    49 |    94 |   163 |   140 ||   467
Dodge: Dodged            |    55 |    91 |   226 |   641 |   480 ||  1493
Block: Buckler           |       |       |    77 |   306 |   247 ||   630
